[Event "83rd ESP-ch Women-ch 2018"]
[Site "Linares"]
[Date "2018.08.22"]
[Round "3"]
[White "Bernabeu Lopez, Carlos Javier"]
[Black "Gil Quilez, Sonia"]
[Result "1-0"]
[WhiteElo "2360"]
[BlackElo "2066"]
[ECO "C70"]
[Opening "Ruy Lopez"]
[Variation "Cozio defence deferred"]
[TimeControl "40/5400+30:1800+30"]
[Annotator "NA"]
[EventDate "2018.08.09"]
[PlyCount "99"]
[EventType "tourn"]
[EventCountry "ESP"]

1. e4 e5 2. Nf3 Nc6 3. Bb5 a6 4. Ba4 Nge7 5. c3 g6 6. d4 exd4 7. cxd4 Bg7
8. O-O O-O 9. d5 Ne5 10. Nxe5 Bxe5 11. Nc3 Bg7 $146 12. d6 cxd6 13. Bg5 h6
14. Bh4 g5 15. Bg3 Be5 16. Bxe5 dxe5 17. Qd6 Ng6 18. Bb3 Kg7 19. Nd5 b5 20.
Rac1 Bb7 21. Nb6 Rb8 22. Nxd7 Rc8 23. Rxc8 Bxc8 24. Rd1 Bxd7 25. Qxd7 Qb6
26. g3 Qc5 27. Rd6 a5 28. Rc6 Qb4 29. Qf5 Qe7 30. Rb6 Rd8 31. Bd5 Rd7 32.
Rxb5 Ra7 33. a4 Nf8 34. Qf3 Nd7 35. Qc3 Nf6 36. Rxa5 Rc7 37. Qd2 Qd6 38.
Qe2 Qb4 39. Ra6 g4 40. Kg2 Qd4 41. Rxf6 Kxf6 42. Qxg4 Qxb2 43. Qg8 Qc3 $18
44. h4 Rd7 45. Qh7 Qc7 46. Qxh6+ Ke7 47. Qg5+ Kd6 48. h5 Qb8 49. Qf6+ Kc5
50. Qc6+ 1-0

[Event "83rd ESP-ch Women-ch 2018"]
[Site "Linares"]
[Date "2018.08.22"]
[Round "3"]
[White "Sanchez Aller, Fernando"]
[Black "Merario Alarcon, Andres"]
[Result "1-0"]
[WhiteElo "2345"]
[BlackElo "2406"]
[ECO "B35"]
[Opening "Sicilian"]
[Variation "accelerated fianchetto, modern variation with Bc4"]
[TimeControl "40/5400+30:1800+30"]
[Annotator "NA"]
[EventDate "2018.08.09"]
[PlyCount "69"]
[EventType "tourn"]
[EventCountry "ESP"]

1. e4 c5 2. Nc3 g6 3. Nf3 Bg7 4. d4 cxd4 5. Nxd4 Nc6 6. Be3 Nf6 7. Bc4 O-O
8. Bb3 Re8 9. f3 e6 10. f4 d6 11. Ndb5 Re7 12. Nxd6 Rd7 13. e5 Ne8 14. Nce4
Nxe5 15. fxe5 Bxe5 16. Bg5 Qb6 17. Nxe8 Rxd1+ 18. Rxd1 Qb4+ 19. Nd2 Bd7 20.
Nf6+ Bxf6 21. Bxf6 Qf4 22. Nf3 Bc6 23. Bd4 Bxf3 24. O-O Qd6 25. Rxf3 a5 26.
Rfd3 Qe7 27. Bc3 b5 28. a3 Qg5 29. g3 a4 30. Ba2 Re8 31. h4 Qc5+ 32. Kg2
Qc6+ 33. Kh2 Qe4 34. Rd8 Kf8 35. Bf6 1-0

[Event "83rd ESP-ch Women-ch 2018"]
[Site "Linares"]
[Date "2018.08.22"]
[Round "3"]
[White "Castellanos Gomez, Alejandro"]
[Black "Fernandez Montero, Francisco Manuel"]
[Result "1-0"]
[WhiteElo "2320"]
[BlackElo "2046"]
[ECO "A96"]
[Opening "Dutch"]
[Variation "classical variation"]
[TimeControl "40/5400+30:1800+30"]
[Annotator "NA"]
[EventDate "2018.08.09"]
[PlyCount "65"]
[EventType "tourn"]
[EventCountry "ESP"]

1. d4 f5 2. Nf3 Nf6 3. g3 e6 4. Bg2 Be7 5. O-O O-O 6. c4 d6 7. Nc3 Ne4 8.
Qc2 Nxc3 9. Qxc3 a5 10. Qc2 Nc6 11. Bd2 e5 12. dxe5 dxe5 13. Bc3 Bf6 14.
Rad1 Qe8 15. b3 Qh5 16. Qb2 f4 17. Rd5 fxg3 18. fxg3 Re8 19. Rb5 Qh6 20.
Kh1 Qe3 21. Ng1 Qh6 22. Bd5+ Kh8 23. Bf3 e4 24. Bxe4 Qe3 25. Bxf6 Qxe4+ 26.
Nf3 Qxe2 27. Bxg7+ Kg8 28. Qxe2 Rxe2 29. Rg5 h6 30. Bxh6+ Kh7 31. Bg7 Be6
32. Ng1 Rxa2 33. Rf6 1-0

[Event "83rd ESP-ch Women-ch 2018"]
[Site "Linares"]
[Date "2018.08.22"]
[Round "3"]
[White "Domingo Nunez, Ruben"]
[Black "Samuel Lares, Jairo"]
[Result "1-0"]
[WhiteElo "2318"]
[BlackElo "2006"]
[ECO "B30"]
[Opening "Sicilian"]
[Variation "Nimzovich-Rossolimo attack (without ...d6)"]
[TimeControl "40/5400+30:1800+30"]
[Annotator "NA"]
[EventDate "2018.08.09"]
[PlyCount "41"]
[EventType "tourn"]
[EventCountry "ESP"]

1. e4 c5 2. Nf3 Nc6 3. Bb5 d6 4. O-O Bd7 5. Re1 e5 6. c3 a6 7. Bc4 Be6 8.
Bxe6 fxe6 9. d4 cxd4 10. cxd4 exd4 11. Nxd4 Nxd4 12. Qxd4 e5 13. Qb4 Qd7
14. Nc3 Nf6 15. Bg5 Be7 16. Bxf6 gxf6 17. Nd5 Rg8 18. Qb3 Qg4 19. Ne3 Qg6
20. Qxb7 Kf7 21. Rac1 1-0

[Event "83rd ESP-ch Women-ch 2018"]
[Site "Linares"]
[Date "2018.08.22"]
[Round "3"]
[White "Balbuena Fuentes, Mario"]
[Black "Ramos Saavedra, Mario"]
[Result "1-0"]
[WhiteElo "2306"]
[BlackElo "1981"]
[ECO "A01"]
[Opening "Nimzovich-Larsen attack"]
[Variation "modern variation"]
[TimeControl "40/5400+30:1800+30"]
[Annotator "NA"]
[EventDate "2018.08.09"]
[PlyCount "61"]
[EventType "tourn"]
[EventCountry "ESP"]

1. b3 e5 2. Bb2 Nc6 3. e3 Nf6 4. c4 d5 5. cxd5 Nxd5 6. a3 Bd6 7. d3 Be6 8.
Nf3 Qe7 9. Nbd2 Nb6 10. Be2 O-O 11. Qc2 f5 12. b4 a6 13. Rc1 Rae8 14. O-O
g5 15. Nb3 g4 16. Nfd2 Rf6 17. Nc5 Rh6 18. Rfe1 Bxc5 19. Qxc5 Qxc5 20. bxc5
Nd7 21. d4 Kf7 22. Bd3 exd4 23. exd4 Ne7 24. Nc4 Nc6 25. Re2 Rg6 26. Rce1
Rgg8 27. Ne3 f4 28. d5 fxe3 29. dxe6+ Kxe6 30. Rxe3+ Kf7 31. Bc4+ 1-0

[Event "83rd ESP-ch Women-ch 2018"]
[Site "Linares"]
[Date "2018.08.22"]
[Round "3"]
[White "Galiana Fernandez, Adrian"]
[Black "Ruiz Casado, Francisco Javier"]
[Result "1-0"]
[WhiteElo "2291"]
[BlackElo "1975"]
[ECO "B06"]
[Opening "Robatsch (modern) defence"]
[TimeControl "40/5400+30:1800+30"]
[Annotator "NA"]
[EventDate "2018.08.09"]
[PlyCount "33"]
[EventType "tourn"]
[EventCountry "ESP"]

1. e4 g6 2. d4 Bg7 3. Nf3 c6 4. c4 d5 5. e5 h5 6. Nc3 Nh6 7. Qb3 dxc4 8.
Bxc4 O-O 9. e6 f6 10. O-O b6 11. Rd1 Ba6 12. d5 Bxc4 13. Qxc4 Qc8 14. d6
exd6 15. e7+ Rf7 16. Rxd6 Nd7 17. Qe6 1-0

[Event "83rd ESP-ch Women-ch 2018"]
[Site "Linares"]
[Date "2018.08.22"]
[Round "3"]
[White "Moral Garcia, Serafin"]
[Black "Antunez Munoz, Ines"]
[Result "1-0"]
[WhiteElo "2287"]
[BlackElo "1956"]
[ECO "D00"]
[Opening "Queen's pawn"]
[Variation "Chigorin variation"]
[TimeControl "40/5400+30:1800+30"]
[Annotator "ChessBase"]
[EventDate "2018.08.09"]
[PlyCount "131"]
[EventType "tourn"]
[EventCountry "ESP"]

1. d4 d5 2. Nc3 Nf6 3. Bf4 Bf5 4. f3 e6 5. g4 Bg6 6. h4 h6 7. e3 c5 8. Bd3
Bxd3 9. Qxd3 Nc6 10. Nge2 Bd6 11. dxc5 Bxc5 12. O-O-O Qa5 13. Kb1 a6 14. g5
Nd7 15. Nd4 Bxd4 16. exd4 O-O-O 17. gxh6 gxh6 18. Rhg1 Nb6 19. a3 Nc4 20.
Ne2 Na7 21. Rg7 Rdf8 22. Rdg1 Nb5 23. Bc1 Kb8 24. h5 Nbd6 25. Rh7 Nf5 26.
Rxh8 Rxh8 27. Ka2 Ka7 28. b3 Ncd6 29. Bd2 Qc7 30. a4 Rc8 31. Kb1 Qb6 32.
Rg4 Nc4 33. Bc1 Qb4 34. Ka2 Ncd6 35. c3 Qa5 36. Ba3 b5 37. Bb4 Qc7 38. axb5
Nxb5 39. f4 a5 40. Bc5+ Ka6 41. Rg1 Qc6 42. Kb2 Kb7 43. Ra1 Ra8 44. Ng3
Nbd6 45. Nxf5 Nxf5 46. c4 dxc4 47. Qxc4 Ne3 48. Qe2 Nd5 49. Qe4 Qb5 50. f5
Ra6 51. fxe6 fxe6 52. Rg1 Qd7 53. Qe5 Kc6 54. Rg6 Nc7 55. Rxh6 Qf7 56. Rf6
Qg8 57. Qe4+ Kd7 58. h6 Nd5 59. Rg6 Qe8 60. h7 a4 61. Rg7+ Kc6 62. Qg6 Qb8
63. Qxe6+ Kb5 64. Qxd5 Qh2+ 65. Rg2 Qxh7 66. Qc4+ 1-0

[Event "83rd ESP-ch Women-ch 2018"]
[Site "Linares"]
[Date "2018.08.22"]
[Round "3"]
[White "Jimenez Bernal, Francisco"]
[Black "Rodriguez del Cerro, Ricardo"]
[Result "1-0"]
[WhiteElo "2250"]
[BlackElo "1953"]
[ECO "A18"]
[Opening "English"]
[Variation "Mikenas-Carls variation"]
[TimeControl "40/5400+30:1800+30"]
[Annotator "NA"]
[EventDate "2018.08.09"]
[PlyCount "39"]
[EventType "tourn"]
[EventCountry "ESP"]

1. c4 Nf6 2. Nc3 e6 3. e4 e5 4. Nf3 c6 5. Nxe5 Qe7 6. d4 d6 7. Nf3 Nxe4 8.
Nxe4 Qxe4+ 9. Be2 Be7 10. O-O O-O 11. Re1 Qg4 12. Ne5 Qh4 13. g3 Qh3 14.
Bf1 Qf5 15. Bd3 Qh3 16. Nf3 Bf6 17. Bg5 Qh5 18. Bxf6 Bg4 19. Be2 Re8 20. h3
1-0

[Event "83rd ESP-ch Women-ch 2018"]
[Site "Linares"]
[Date "2018.08.22"]
[Round "3"]
[White "Tudela Corbalan, Carlos"]
[Black "Gonzalez Guedes, Iyan"]
[Result "1-0"]
[WhiteElo "2246"]
[BlackElo "1925"]
[ECO "A25"]
[Opening "English"]
[Variation "closed system"]
[TimeControl "40/5400+30:1800+30"]
[Annotator "NA"]
[EventDate "2018.08.09"]
[PlyCount "89"]
[EventType "tourn"]
[EventCountry "ESP"]

1. c4 e5 2. Nc3 Nc6 3. g3 g6 4. Bg2 Bg7 5. e3 d6 6. Nge2 f5 7. b3 Nf6 8.
Bb2 O-O 9. d4 e4 10. Qd2 Nb4 $146 11. Nc1 c5 12. a3 Nc6 13. N1e2 cxd4 14.
exd4 d5 15. c5 b6 16. Rd1 bxc5 17. dxc5 Ne5 18. O-O Ba6 19. b4 Nf3+ 20.
Bxf3 exf3 21. Nd4 Bxf1 22. Kxf1 Re8 23. Qf4 Ne4 24. Qxf3 a5 25. Nce2 axb4
26. axb4 Rb8 27. Nc6 Qc8 28. Nxb8 Bxb2 29. Qb3 Qxb8 30. Rxd5 Bg7 31. f3 Kh8
$18 32. fxe4 fxe4 33. Kg2 Qb7 34. Rd6 e3+ 35. Qd5 Qxb4 36. Rd8 Qb5 37. Nd4
Qb2+ 38. Kh3 Rf8 39. Rxf8+ Bxf8 40. Qe5+ Kg8 41. Qe6+ Kg7 42. Qxe3 Qb8 43.
c6 Bd6 44. Qe6 Qf8 45. Kg2 1-0

[Event "83rd ESP-ch Women-ch 2018"]
[Site "Linares"]
[Date "2018.08.22"]
[Round "3"]
[White "Carretero Ortiz, Francisco"]
[Black "Burgos Olmos, Mario"]
[Result "1-0"]
[WhiteElo "2241"]
[BlackElo "1916"]
[ECO "B53"]
[Opening "Sicilian, Chekhover variation"]
[TimeControl "40/5400+30:1800+30"]
[Annotator "NA"]
[EventDate "2018.08.09"]
[PlyCount "69"]
[EventType "tourn"]
[EventCountry "ESP"]

1. e4 c5 2. Nf3 d6 3. d4 cxd4 4. Qxd4 Nc6 5. Bb5 Bd7 6. Bxc6 Bxc6 7. Nc3 e5
8. Qd3 h6 9. O-O Nf6 10. Nd2 Be7 11. Nc4 b5 12. Ne3 b4 13. Ncd5 O-O 14. Rd1
Nxd5 15. Nxd5 Bxd5 16. Qxd5 Qc7 17. Qb3 Rfc8 18. Bd2 Qxc2 19. Qxb4 Rab8 20.
Qa3 Qxb2 21. Qxa7 Bf8 22. a4 Ra8 23. Qe3 Be7 24. Qd3 Qb7 25. a5 Ra6 26.
Rab1 Qa8 27. Rb6 Rxb6 28. axb6 Qc6 29. Rb1 Rb8 30. Be3 Qa4 31. h3 Qa8 32.
g3 f5 33. Qd5+ Qxd5 34. exd5 Bd8 35. b7 1-0

[Event "83rd ESP-ch Women-ch 2018"]
[Site "Linares"]
[Date "2018.08.22"]
[Round "3"]
[White "Silva Rodriguez, Fernando"]
[Black "Serrano Garcia, Luis"]
[Result "1-0"]
[WhiteElo "2239"]
[BlackElo "1915"]
[ECO "E41"]
[Opening "Nimzo-Indian"]
[Variation "4.e3 c5"]
[TimeControl "40/5400+30:1800+30"]
[Annotator "NA"]
[EventDate "2018.08.09"]
[PlyCount "69"]
[EventType "tourn"]
[EventCountry "ESP"]

1. d4 Nf6 2. c4 e6 3. Nc3 Bb4 4. e3 c5 5. Bd3 b6 6. Ne2 Bb7 7. O-O O-O 8.
a3 Bxc3 9. bxc3 d5 10. cxd5 exd5 11. f3 Re8 12. g4 Nc6 13. Ng3 c4 14. Bb1
Na5 15. Ra2 g6 16. Re2 h6 17. Bc2 Nb3 18. Bb2 Qc7 19. Qe1 Qc6 20. h4 Re6
21. g5 hxg5 22. hxg5 Nh7 23. f4 Rae8 24. Rf3 f5 25. gxf6 Rxf6 26. Rg2 Ng5
27. Rf1 Nh3+ 28. Kh2 Nxf4 29. Rgf2 Qe6 30. Rxf4 Rxf4 31. Rxf4 Qxe3 32. Qxe3
Rxe3 33. Bxg6 Nd2 34. Kg2 Ne4 35. Bf7+ 1-0

[Event "83rd ESP-ch Women-ch 2018"]
[Site "Linares"]
[Date "2018.08.22"]
[Round "3"]
[White "Alvarez Serrano, Carlos"]
[Black "Serarols Mabras, Bernat"]
[Result "0-1"]
[WhiteElo "2225"]
[BlackElo "2313"]
[ECO "D02"]
[Opening "Queen's pawn game"]
[TimeControl "40/5400+30:1800+30"]
[Annotator "NA"]
[EventDate "2018.08.09"]
[PlyCount "45"]
[EventType "tourn"]
[EventCountry "ESP"]

1. d4 Nf6 2. Nf3 d5 3. c4 e6 4. g3 Bb4+ 5. Bd2 Bd6 6. Nc3 O-O 7. Bg2 Nbd7
8. Bg5 Be7 9. O-O dxc4 10. e4 c6 11. a4 b6 12. Qe2 Ba6 13. b3 e5 14. dxe5
Ng4 15. e6 Nde5 16. Rfd1 Qe8 17. Nxe5 Nxe5 18. Bxe7 Qxe7 19. exf7+ Rxf7 20.
bxc4 Qc5 21. Bh3 Bxc4 22. Qc2 Raf8 23. Rf1 0-1

[Event "83rd ESP-ch Women-ch 2018"]
[Site "Linares"]
[Date "2018.08.22"]
[Round "3"]
[White "Sanchez Vigon, David"]
[Black "Rodriguez Redondo, Adhara"]
[Result "1-0"]
[WhiteElo "2220"]
[BlackElo "1909"]
[ECO "A13"]
[Opening "English"]
[Variation "Neo-Catalan"]
[TimeControl "40/5400+30:1800+30"]
[Annotator "NA"]
[EventDate "2018.08.09"]
[PlyCount "79"]
[EventType "tourn"]
[EventCountry "ESP"]

1. Nf3 d5 2. c4 e6 3. g3 Nf6 4. b3 c5 5. Bg2 Nc6 6. e3 Be7 7. O-O O-O 8.
Qe2 Qc7 9. Nc3 a6 10. d4 Rd8 11. dxc5 Bxc5 12. Bb2 dxc4 13. Qxc4 Bd6 14.
Rac1 Qe7 15. Na4 Rb8 16. Nb6 e5 17. Ng5 h6 18. Nxc8 Rbxc8 19. Ne4 Nxe4 20.
Qxe4 Ba3 21. Bxa3 Qxa3 22. Rc2 Qb4 23. Rfc1 Qd6 24. h4 Rc7 25. Qa4 Rdc8 26.
Be4 g6 27. h5 gxh5 28. Bf5 Re8 29. Qh4 Nd4 30. exd4 Rxc2 31. Bxc2 exd4 32.
Bd3 Qe5 33. Qf4 Qg7 34. Qf5 h4 35. Rc8 Rf8 36. Rxf8+ Kxf8 37. Qc8+ Ke7 38.
Qxb7+ Kf8 39. Qc8+ Ke7 40. Qc7+ 1-0

[Event "83rd ESP-ch Women-ch 2018"]
[Site "Linares"]
[Date "2018.08.22"]
[Round "3"]
[White "Diaz Castro, Ismael"]
[Black "Amoros Moran, Jose Joaquin"]
[Result "1-0"]
[WhiteElo "2212"]
[BlackElo "1908"]
[ECO "A46"]
[Opening "Queen's pawn game"]
[TimeControl "40/5400+30:1800+30"]
[Annotator "NA"]
[EventDate "2018.08.09"]
[PlyCount "67"]
[EventType "tourn"]
[EventCountry "ESP"]

1. d4 Nf6 2. Nf3 e6 3. g3 b6 4. Bg2 Bb7 5. O-O d5 6. c4 Nbd7 7. Nc3 Be7 8.
Qc2 O-O 9. Rd1 a6 10. cxd5 exd5 11. Bf4 Rc8 12. Rac1 h6 13. h3 $146 Re8 14.
g4 Bf8 15. Bh2 g6 16. Ne5 Qe7 17. Qb3 Qe6 18. e3 Bg7 19. Ne2 c6 20. Nf4 Qe7
21. Nfd3 a5 22. a4 Qd8 23. Rc2 Nb8 24. Rdc1 $14 Nfd7 25. e4 Nxe5 26. Nxe5
Bxe5 27. Bxe5 Rxe5 28. dxe5 d4 29. e6 fxe6 30. Qxe6+ Kg7 31. e5 d3 32. Rd2
Ba6 33. Be4 Qg5 34. f4 1-0

[Event "83rd ESP-ch Women-ch 2018"]
[Site "Linares"]
[Date "2018.08.22"]
[Round "3"]
[White "Garcia Garcia, Adrian Antonio"]
[Black "Espinosa Aranda, Angel"]
[Result "1/2-1/2"]
[WhiteElo "2179"]
[BlackElo "2451"]
[ECO "B23"]
[Opening "Sicilian"]
[Variation "closed"]
[TimeControl "40/5400+30:1800+30"]
[Annotator "ChessBase"]
[EventDate "2018.08.09"]
[PlyCount "125"]
[EventType "tourn"]
[EventCountry "ESP"]

1. e4 c5 2. Nc3 a6 3. a4 Nc6 4. g3 g6 5. Bg2 Bg7 6. f4 d6 7. Nf3 e5 8. d3
Nge7 9. O-O O-O 10. Be3 Nd4 11. Qd2 Bg4 12. fxe5 dxe5 13. Rf2 b5 14. axb5
axb5 15. Rxa8 Qxa8 16. Bxd4 cxd4 17. Nxb5 Qa1+ 18. Ne1 Qxb2 19. Qg5 Bc8 20.
c4 Qb4 21. Nc2 Qc5 22. Qd2 Bd7 23. Qb4 Qxb4 24. Nxb4 Ra8 25. Ra2 Rxa2 26.
Nxa2 Nc6 27. Nc7 Bf8 28. Nd5 Kg7 29. Bf3 Ba3 30. Bd1 Nd8 31. Nb6 Be6 32.
Kf2 Nb7 33. Ke1 Nc5 34. Kd2 f5 35. exf5 gxf5 36. Na4 Nd7 37. Nc1 Bb4+ 38.
Kc2 Kf6 39. Bf3 e4 40. Bg2 Ne5 41. dxe4 Bxc4 42. Nb2 Bf7 43. Ncd3 Bc3 44.
Nxe5 Kxe5 45. Nd3+ Kf6 46. exf5 Kxf5 47. Bf3 Be8 48. Nf4 Ke5 49. Nd3+ Kd6
50. Nf4 Kc5 51. Nd3+ Kb5 52. Be4 h6 53. Ne5 Kc5 54. Ng4 h5 55. Nf6 Bf7 56.
Bf3 Bg6+ 57. Be4 Bf7 58. Bf3 Kc4 59. Be4 Bb4 60. Bd3+ Kc5 61. Be2 Bg6+ 62.
Bd3 Bf7 63. Be2 1/2-1/2

[Event "83rd ESP-ch Women-ch 2018"]
[Site "Linares"]
[Date "2018.08.22"]
[Round "3"]
[White "Porta Tovar, Guillem"]
[Black "Ucles Lirola, Moises"]
[Result "0-1"]
[WhiteElo "2166"]
[BlackElo "1858"]
[ECO "B50"]
[Opening "Sicilian"]
[TimeControl "40/5400+30:1800+30"]
[Annotator "NA"]
[EventDate "2018.08.09"]
[PlyCount "94"]
[EventType "tourn"]
[EventCountry "ESP"]

1. e4 c5 2. Nf3 d6 3. g3 g6 4. Bg2 Bg7 5. O-O Nc6 6. c3 Nf6 7. Re1 O-O 8.
d4 Nd7 9. Na3 Rb8 10. d5 Nce5 11. Nh4 b5 12. Bf1 b4 13. Nc2 bxc3 14. bxc3
Nb6 15. Ne3 c4 16. f4 Nd3 17. Bxd3 Bxc3 18. Bd2 Bxa1 19. Qxa1 cxd3 20. f5
Nd7 21. Ng4 Nf6 22. Nxf6+ exf6 23. Bc3 d2 24. Bxd2 Qb6+ 25. Be3 Qb2 26. Qd1
Rb4 27. Bxa7 Re8 28. fxg6 hxg6 29. Qd3 Qxa2 30. Bd4 Qc4 31. Qxc4 Rxc4 32.
Bxf6 Rcxe4 33. Rxe4 Rxe4 34. Ng2 Bb7 35. Nf4 Kf8 36. Kf2 Ra4 37. Kf3 Bc8
38. Bh4 Bf5 39. Ke3 Re4+ 40. Kf3 Re1 41. Kf2 Rh1 42. h3 Bxh3 43. Nxh3 Rxh3
44. Kg2 Rxh4 45. gxh4 Kg7 46. Kf3 Kh6 47. Kg4 f6 0-1

[Event "83rd ESP-ch Women-ch 2018"]
[Site "Linares"]
[Date "2018.08.22"]
[Round "3"]
[White "Lopez Guerrero, Jose Miguel"]
[Black "Fernandez Garcia, Francisco Jose"]
[Result "1-0"]
[WhiteElo "2148"]
[BlackElo "1835"]
[ECO "B31"]
[Opening "Sicilian"]
[Variation "Nimzovich-Rossolimo attack (with ...g6, without ...d6)"]
[TimeControl "40/5400+30:1800+30"]
[Annotator "NA"]
[EventDate "2018.08.09"]
[PlyCount "115"]
[EventType "tourn"]
[EventCountry "ESP"]

1. e4 c5 2. Nf3 Nc6 3. Bb5 g6 4. O-O Bg7 5. d3 Qc7 6. Nc3 a6 7. Nd5 Qd8 8.
Ba4 $146 Nf6 9. Nxf6+ Bxf6 10. Bh6 Ne5 11. Nxe5 Bxe5 12. c3 b5 13. Bc2 Qb6
14. f4 Bc7 15. Kh1 Bb7 16. d4 f5 17. exf5 O-O-O 18. d5 gxf5 19. Bg5 Qg6 20.
Bxe7 Rhg8 21. Qd2 Rde8 22. Bxc5 Qh5 23. Bd1 Qh4 24. Bb3 Qg4 25. Rf2 d6 26.
Bd4 Rg6 27. Re1 Reg8 28. Rfe2 Kd8 29. Qe3 Kc8 30. Bb6 Qh4 31. Bxc7 Kxc7 32.
Qe7+ Qxe7 33. Rxe7+ Kb6 34. g3 a5 35. a3 b4 36. axb4 axb4 37. Rxh7 bxc3 38.
bxc3 R8g7 39. Rxg7 Rxg7 40. Re6 Kc5 41. c4 Bc8 42. Re8 Bd7 43. Rd8 Kb4 44.
Ba2 Ka3 45. Ra8+ Kb2 46. Kg2 Re7 47. Kf3 Be8 48. h3 Bg6 49. Ra6 $18 Bf7 50.
c5 Rc7 51. cxd6 Rc3+ 52. Kf2 Be8 53. Ra7 Rc2+ 54. Ke3 Rc3+ 55. Kd4 Rxg3 56.
Bc4 Rxh3 57. d7 Bxd7 58. Rxd7 1-0

[Event "83rd ESP-ch Women-ch 2018"]
[Site "Linares"]
[Date "2018.08.22"]
[Round "3"]
[White "Gomez Sanjuan, Hector Fernando"]
[Black "Moreno Ruiz, Javier"]
[Result "0-1"]
[WhiteElo "2146"]
[BlackElo "2450"]
[ECO "E25"]
[Opening "Nimzo-Indian"]
[Variation "Saemisch, Keres variation"]
[TimeControl "40/5400+30:1800+30"]
[Annotator "ChessBase"]
[EventDate "2018.08.09"]
[PlyCount "98"]
[EventType "tourn"]
[EventCountry "ESP"]

1. d4 Nf6 2. c4 e6 3. Nc3 Bb4 4. f3 d5 5. a3 Bxc3+ 6. bxc3 c5 7. cxd5 Nxd5
8. dxc5 Qa5 9. e4 Ne7 10. Be3 O-O 11. Qb3 Qc7 12. Bb5 Nec6 13. Ne2 Na5 14.
Qc2 a6 15. Bd3 Nd7 16. c6 Nxc6 17. O-O Nce5 18. Nd4 Nxd3 19. Qxd3 Ne5 20.
Bf4 Bd7 21. Bxe5 Qxe5 22. Rab1 Rfd8 23. Qe3 b5 24. f4 Qc5 25. e5 Rac8 26.
Rf3 Qxa3 27. Rh3 Qc5 28. Qd3 g6 29. Qg3 Bc6 30. Qg5 Rxd4 31. cxd4 Qxd4+ 32.
Kh1 Qd2 33. Rg1 Be4 34. Rg3 b4 35. h4 a5 36. h5 Qd8 37. hxg6 Qxg5 38. gxh7+
Kxh7 39. fxg5 Bc2 40. Rf1 Kg7 41. Rgf3 Rc7 42. g6 Bxg6 43. Ra1 Rc5 44. Kg1
Rxe5 45. Kf2 Bc2 46. Re3 Rb5 47. Ke2 b3 48. Rg3+ Kf8 49. Kd2 b2 0-1

[Event "83rd ESP-ch Women-ch 2018"]
[Site "Linares"]
[Date "2018.08.22"]
[Round "3"]
[White "Nunez, Daniela Alejandra"]
[Black "Arroyo Rodriguez, Jesus"]
[Result "1-0"]
[WhiteElo "2021"]
[BlackElo "2099"]
[ECO "B27"]
[Opening "Sicilian"]
[Variation "Hungarian variation"]
[TimeControl "40/5400+30:1800+30"]
[Annotator "NA"]
[EventDate "2018.08.09"]
[PlyCount "97"]
[EventType "tourn"]
[EventCountry "ESP"]

1. e4 c5 2. Nf3 g6 3. d4 cxd4 4. c3 Bg7 5. Bc4 Nf6 6. e5 Ng8 7. cxd4 d5 8.
Bb5+ Nc6 9. h3 $146 e6 10. Nc3 Bd7 11. Bg5 f6 12. exf6 Nxf6 13. O-O O-O 14.
Qd2 a6 15. Bd3 b5 16. Ne2 Qb6 17. Qe3 Rae8 18. Ne5 Nxe5 19. dxe5 Qxe3 20.
Bxe3 Ne4 21. f3 d4 22. Bxd4 Nd2 23. Rfd1 Nc4 24. f4 Rc8 25. h4 Bc6 26. b3
Na5 27. Bb6 Nb7 28. Rac1 Bd5 29. g3 Rfe8 30. b4 Bf8 31. a3 Bb3 32. Re1 Kf7
33. Be4 Bd5 34. Nc3 Bc6 35. Kf2 Be7 36. Red1 a5 37. bxa5 Bxa3 $18 38. Rb1
Bc5+ 39. Bxc5 Nxc5 40. Bxc6 Rxc6 41. Nxb5 Ra8 42. Nd6+ Kf8 43. Rb5 Rxd6 44.
Rxd6 Ne4+ 45. Ke3 Nxd6 46. exd6 Ke8 47. Kd4 Kd7 48. Ke5 Ra7 49. Rc5 1-0

[Event "83rd ESP-ch Women-ch 2018"]
[Site "Linares"]
[Date "2018.08.22"]
[Round "3"]
[White "Sosa Suarez, Carla Cristina"]
[Black "Montero Melendez, Rafael"]
[Result "0-1"]
[WhiteElo "2006"]
[BlackElo "2367"]
[ECO "B09"]
[Opening "Pirc"]
[Variation "Austrian attack, dragon formation"]
[TimeControl "40/5400+30:1800+30"]
[Annotator "NA"]
[EventDate "2018.08.09"]
[PlyCount "74"]
[EventType "tourn"]
[EventCountry "ESP"]

1. e4 d6 2. d4 Nf6 3. Nc3 g6 4. f4 Bg7 5. Nf3 c5 6. Be2 cxd4 7. Nxd4 Nc6 8.
Nxc6 bxc6 9. e5 dxe5 10. Qxd8+ Kxd8 11. O-O Be6 12. Na4 Nd7 13. Bd2 e4 14.
Ba5+ Ke8 15. Rad1 f5 16. Ba6 Rb8 17. c3 Bxa2 18. b4 Nb6 19. Bxb6 axb6 20.
Rc1 Bb3 21. Nb2 b5 22. Nd1 Kf7 23. Ne3 Rb6 24. Ra1 Bxc3 25. Ra3 Bxb4 26.
Rxb3 Bc5 27. Rc1 Bxe3+ 28. Rxe3 Rxa6 29. Rec3 Rb8 30. Rxc6 Rxc6 31. Rxc6 b4
32. Rc2 b3 33. Rb2 Ke6 34. Kf2 Kd5 35. Ke3 Kc4 36. Kd2 Rd8+ 37. Ke2 Kc3 0-1

[Event "83rd ESP-ch Women-ch 2018"]
[Site "Linares"]
[Date "2018.08.22"]
[Round "3"]
[White "Diaz Rodriguez, Jose Antonio"]
[Black "Sole Pijuan, Ferran"]
[Result "1-0"]
[WhiteElo "1991"]
[BlackElo "2320"]
[ECO "C34"]
[Opening "KGA"]
[Variation "Schallop defence"]
[TimeControl "40/5400+30:1800+30"]
[Annotator "NA"]
[EventDate "2018.08.09"]
[PlyCount "69"]
[EventType "tourn"]
[EventCountry "ESP"]

1. e4 e5 2. f4 exf4 3. Nf3 Nf6 4. e5 Nh5 5. Bc4 d5 6. Be2 g6 7. d4 Bg7 8.
O-O Bg4 9. Nbd2 O-O 10. Ne1 Bxe2 11. Qxe2 c6 12. Nd3 Qh4 13. Rf3 Nd7 14.
Rh3 Qg5 15. Nf3 Qf5 16. Nh4 Qe6 17. Nxf4 Nxf4 18. Bxf4 f6 19. Nf3 fxe5 20.
Bxe5 Nxe5 21. dxe5 Rf5 22. Qd2 Bxe5 23. Ng5 Qf6 24. Nf3 Bxb2 25. Rb1 Bc3
26. Qh6 Qf7 27. Rg3 b6 28. Rg4 Re8 29. h4 Bg7 30. Qd2 Re4 31. Ng5 Bd4+ 32.
Qxd4 Rxg5 33. Rxe4 dxe4 34. hxg5 Qxa2 35. Rf1 1-0

[Event "83rd ESP-ch Women-ch 2018"]
[Site "Linares"]
[Date "2018.08.22"]
[Round "3"]
[White "Gonzalez Garcia, Francisco"]
[Black "Calzetta Ruiz, Monica"]
[Result "1/2-1/2"]
[WhiteElo "1972"]
[BlackElo "2302"]
[ECO "B40"]
[Opening "Sicilian"]
[Variation "Anderssen variation"]
[TimeControl "40/5400+30:1800+30"]
[Annotator "NA"]
[EventDate "2018.08.09"]
[PlyCount "57"]
[EventType "tourn"]
[EventCountry "ESP"]

1. e4 c5 2. Nf3 e6 3. d4 cxd4 4. Nxd4 Nf6 5. Nc3 Nc6 6. a3 d6 7. Be2 Be7 8.
O-O O-O 9. Be3 a6 10. Kh1 Qc7 11. f4 Nxd4 12. Bxd4 e5 13. Be3 Be6 14. Bf3
Rac8 15. f5 Bc4 16. Rf2 Rfd8 17. Rd2 h6 18. Qg1 Nd7 19. g4 Bg5 20. Bxg5
hxg5 21. h4 gxh4 22. Qh2 Qb6 23. Nd1 d5 24. Qxh4 dxe4 25. Rh2 Qh6 26. Qxh6
gxh6 27. Bxe4 Nc5 28. Bg2 Bd5 29. Bxd5 1/2-1/2

[Event "83rd ESP-ch Women-ch 2018"]
[Site "Linares"]
[Date "2018.08.22"]
[Round "3"]
[White "Alvarez Morales, Miguel"]
[Black "Diaz Castro, Sergio"]
[Result "0-1"]
[WhiteElo "1955"]
[BlackElo "2289"]
[ECO "A21"]
[Opening "English opening"]
[TimeControl "40/5400+30:1800+30"]
[Annotator "NA"]
[EventDate "2018.08.09"]
[PlyCount "62"]
[EventType "tourn"]
[EventCountry "ESP"]

1. c4 e5 2. Nc3 d6 3. Nf3 f5 4. d4 e4 5. Nd2 Nf6 6. e3 g6 7. Be2 Bg7 8. g4
c5 9. gxf5 Bxf5 10. Qb3 cxd4 11. exd4 Nc6 12. Qxb7 Bd7 13. Nb5 O-O 14. Qa6
Nb4 15. Qa4 Nd3+ 16. Bxd3 exd3 17. Nf1 a6 18. Qb3 axb5 19. cxb5+ Kh8 20.
Qxd3 Qa5+ 21. Bd2 Qxb5 22. Qxb5 Bxb5 23. Be3 Nd5 24. a3 Rae8 25. O-O-O Bxf1
26. Rhxf1 Nxe3 27. fxe3 Rxf1 28. Rxf1 Rxe3 29. Kc2 Bxd4 30. a4 Be5 31. b3
Rc3+ 0-1